 Dungeon Crawl Stone Soup version 0.32-a0-981-g384da2ce10 (webtiles) character file.

Game seed: 6877484438819481105

7 KennySheep the Firebug (level 1, 0/13 HPs)
             Began as a Deep Elf Cinder Acolyte on Apr 21, 2024.
             Was a High Priest of Ignis.
             Constricted to death by a ball python (2 damage)
             ... on level 1 of the Dungeon.
             The game lasted 00:01:09 (455 turns).

KennySheep the Firebug (Deep Elf Cinder Acolyte)     Turns: 455, Time: 00:01:09

Health: 0/13       AC:  3    Str: 11    XL:     1   Next: 91%
Magic:  5/5        EV:  0    Int: 18    God:    Ignis [*****.]
Gold:   27         SH:  0    Dex: 10    Spells: 4/4 levels left

rFire   + . .        a - -1 mace (flame)
rCold   . . .        (no shield)
rNeg    . . .        b - +0 robe
rPois   .            e - +0 helmet
rElec   .            (no cloak)
rCorr   .            (no gloves)
SInv    .            (no boots)
Will    .....        (no amulet)
Stlth   +            (no ring)
HPRegen 0.22/turn    (no ring)
MPRegen 0.09/turn

%: no passive effects
@: constricted
A: no striking features
a: Renounce Religion, Fiery Armour, Foxfire Swarm, Rising Flame


You were on level 1 of the Dungeon.
You worshipped Ignis.
Ignis was extremely pleased with you.
You visited 1 branch of the dungeon, and saw 1 of its levels.

You collected 27 gold pieces.

Inventory:

Hand Weapons
 a - a -1 mace of flaming (weapon)
 c - a +0 quarterstaff
Armour
 b - a +0 robe (worn)
 e - a +0 helmet (worn)
Scrolls
 d - a scroll of butterflies {unknown}


   Skills:
 + Level 2.5 Fighting
 - Level 2.1 Maces & Flails
 * Level 2.3 Spellcasting
 + Level 3.4 Fire Magic


You had 4 spell levels left.
You didn't know any spells.
Your spell library contained the following spells:

 Spells                   Type           Power      Damage    Failure   Level
 Scorch                   Fire           28%        2d6       6%          2


Dungeon Overview and Level Annotations

Branches:
Dungeon (1/15)

Altars:


Message History

No target in view!
You see here a hobgoblin corpse.
Found 2 stones.
Found 5 stones.
A ball python comes into view.
The ball python hisses angrily.
A ball python is nearby!
You hit the ball python but do no damage.
The ball python misses you. The ball python closely misses you.
You hit the ball python but do no damage.
The ball python closely misses you. The ball python barely misses you.
The ball python bites you. The ball python barely misses you.
A ball python is nearby!
You closely miss the ball python. The ball python bites you.
The ball python completely misses you. The ball python barely misses you. x2
You hit the ball python but do no damage.
The ball python bites you. The ball python misses you.
You barely miss the ball python. The ball python bites you.
The ball python closely misses you.
The ball python bites you but does no damage.
You closely miss the ball python. The ball python barely misses you. x2
You closely miss the ball python. The ball python closely misses you.
The ball python grabs you. The ball python constricts you.
The ball python bites you but does no damage.
The ball python constricts you.
You closely miss the ball python.
The ball python bites you but does no damage.
The ball python constricts you.
You barely miss the ball python.
The ball python bites you but does no damage.
The ball python constricts you.
The ball python bites you but does no damage.
The ball python constricts you.
* * * LOW HITPOINT WARNING * * *
You hit the ball python but do no damage.
The ball python bites you.
* * * LOW HITPOINT WARNING * * *
The ball python constricts you.
You die...
Ignis goes out, and joins you in death.

#...##.#
##.###.# #..#
#.# #.##.####.#
#.........#
########..# #(.#
#####..######.#
........@S......
######.#######.#
###


You could see a ball python.

Vanquished Creatures
  2 goblins (D:1)
  A hobgoblin (D:1)
  A kobold (D:1)
  2 bats (D:1)
6 creatures vanquished.

Notes
Turn   | Place    | Note
-------+----------+-------------------------------------------
     0 | D:1      | KennySheep the Deep Elf Cinder Acolyte began the quest for
                  | the Orb.
     0 | D:1      | Reached XP level 1. HP: 13/13 MP: 5/5
   455 | D:1      | Constricted to death by a ball python

Illustrated notes

Levels and vault maps discovered:
D:1:      lightli_arrival_isolated_outpost, layout_basic, serial_curves,
          eino_curves_01, eino_curves_03, eino_curves_01, eino_curves_03

Skill      XL: |  1 |
---------------+----+-----
Spellcasting   | 2 |  2.3
Fighting       | |  2.5
Maces & Flails | |  2.1
Fire Magic     | |  3.4

Action                     || total
---------------------------++-------
  Melee: Mace              ||    29
 Armour: Robe              ||    25
  Dodge: Dodged            ||    29

Table legend: (Time is in decaauts)
 A = Elapsed time spent in this place.
 B = Non-inter-level travel time spent in this place.
 C = Inter-level travel time spent in this place.
 D = Time resting spent in this place.
 E = Time spent auto-exploring this place.
 F = Levels seen in this place.
 G = Mean time per level.
                   A        B        C        D        E       F      G
               +--------+--------+--------+--------+--------+-----+--------+
         Total |    463 |    463 |      0 |      0 |    370 |   1 |  463.0 |
       Dungeon |    463 |    463 |      0 |      0 |    370 |   1 |  463.0 |
               +--------+--------+--------+--------+--------+-----+--------+

Top non-repeatable levels by time:
     D:1: 463 daAuts
